 Dungeon Crawl Stone Soup version 0.30-a0-782-ge64f9170bb (webtiles) character file.

Game seed: 11468029963719532305

109 Jane the Chopper (level 4, 0/37 HPs)
             Began as a Ghoul Gladiator on Feb 24, 2023.
             Was an Initiate of Gozag.
             Slain by a gnoll
             ... wielding a +0 flail
             ... led by a gnoll bouda
              (1 damage)
             ... on level 5 of the Dungeon.
             The game lasted 00:10:36 (2913 turns).

Jane the Chopper (Ghoul Gladiator)                  Turns: 2913, Time: 00:10:36

Health: 0/37       AC:  7    Str: 19    XL:     4   Next: 90%
Magic:  3/3        EV: 11    Int:  3    God:    Gozag
Gold:   277        SH:  0    Dex: 10    Spells: 3/3 levels left

rFire   . . .      SeeInvis .    m - +0 battleaxe
rCold   + . .      Faith    .    (shield currently unavailable)
rNeg    + + +      Spirit   .    f - +0 ring mail
rPois   ∞          Reflect  .    c - +0 helmet
rElec   .          Harm     .    (no cloak)
rCorr   .          Rampage  .    n - +0 pair of gloves
Will    .....                    (no boots)
Stlth   +                        (no amulet)
HPRegen 0.00/turn                (no ring)
MPRegen 0.08/turn                (no ring)

@: inhibited regen
A: claws 1, cold resistance 1, negative energy resistance 3, inhibited
regeneration, torment resistance 2, devour on kill
a: Renounce Religion, Potion Petition, Call Merchant, Bribe Branch


You were on level 5 of the Dungeon.
You worshipped Gozag.
Gozag was aware of your devotion.
You visited 1 branch of the dungeon, and saw 5 of its levels.

You collected 277 gold pieces.

Inventory:

Hand Weapons
 a - a +0 war axe
 m - a +0 battleaxe (weapon)
Missiles
 d - 3 throwing nets (quivered)
 e - a javelin
Armour
 c - a +0 helmet (worn)
 f - a +0 ring mail (worn)
 n - a +0 pair of gloves (worn)
 s - a +2 leather armour of positive energy
Wands
 r - a wand of acid (1)
Scrolls
 j - a scroll of poison {unknown}
 k - 3 scrolls of torment {unknown}
 l - a scroll of enchant weapon {unknown}
 o - a scroll of teleportation {unknown}
 p - 3 scrolls of identify {unknown}
Potions
 b - a potion of magic {unknown}
 g - 5 potions of curing {unknown}
 h - a potion of brilliance {unknown}
 q - a potion of degeneration {unknown}


   Skills:
 + Level 2.8 Fighting
 + Level 4.1 Axes
 - Level 1.7 Throwing
 + Level 1.1 Armour
 + Level 3.0 Dodging
 + Level 0.2 Stealth


You had 3 spell levels left.
You didn't know any spells.
Your spell library contained the following spells:

 Spells                   Type           Power      Damage    Failure   Level
 Frozen Ramparts          Ice            0%         1d1       97%         3
 Leda's Liquefaction      Hex/Erth       0%         N/A       100%        4
 Summon Ice Beast         Ice/Summ       0%         N/A       100%        4
 Lee's Rapid Deconstruct  Erth           0%         3d4*      100%        5
 Ice Form                 Ice/Tmut       Unusable   N/A       N/A         4
 Statue Form              Tmut/Erth      Unusable   N/A       N/A         6

Dungeon Overview and Level Annotations

Branches:
Dungeon (5/15)
 Temple: D:4-7

Altars:
Gozag
Trog

Shops:
D:1 *   D:2 :


Innate Abilities, Weirdness & Mutations

You are immune to poison.
You have sharp fingernails.
Your flesh is cold resistant. (rC+)
You are immune to negative energy. (rN+++)
You do not regenerate when monsters are visible.
You are immune to unholy pain and torment.
You thrive by killing the living.


Message History

The gnoll bouda attacks as you move away!
The gnoll bouda hits you with a +0 club.
The gnoll bouda gazes fiercely through you!
You feel your attacks grow feeble.
You barely miss the gnoll bouda.
The gnoll bouda hits you but does no damage.
The gnoll hits you with a +0 flail.
You hit the gnoll bouda but do no damage.
You closely miss the gnoll.
The gnoll bouda hits you with a +0 club.
The gnoll hits you with a +0 flail!
The gnoll bouda hits you with a +0 club.
You slash the gnoll bouda!
The gnoll bouda is severely wounded.
You hit the gnoll.
Your attacks no longer feel as feeble.
The gnoll hits you with a +0 flail.
* * * LOW HITPOINT WARNING * * *
The gnoll bouda hits you with a +0 club.
* * * LOW HITPOINT WARNING * * *
The gnoll closely misses you.
Blink to where?
Press: ? - help, Dir - move target
As you read the scroll labelled LAASTR QAIG, it crumbles to dust.
It was a scroll of blinking.
Found a leather armour.
Found a stone staircase leading down.
The gnoll attacks as you move away! The gnoll hits you with a +0 flail.
* * * LOW HITPOINT WARNING * * *
A gnoll opens the door.
The gnoll bouda barks out a call to the hunt!
The gnoll is no longer moving quickly.
There is a stone staircase leading down here.
The gnoll hits you with a +0 flail.
* * * LOW HITPOINT WARNING * * *
You climb downwards.
Found a stone staircase leading down.
There is a stone staircase leading up here.
The gnoll attacks as you move away! The gnoll hits you with a +0 flail.
You die...
Your body crumbles into a pile of gold.

#.# #.# #.#
#.# .>. ###
#.# ...#.#
#####.#@#
.......g#
#####.#<#
..........#
#####.#......
$ #.#.######
# #.# #.# #.#


You could see a gnoll.

Vanquished Creatures
  An iguana (D:4)
  A gnoll (D:4)
  An adder (D:3)
  2 worms (D:2)
  2 dart slugs
  5 orcs (D:3)
  4 ball pythons
  3 endoplasms
  4 hobgoblins
  8 kobolds
  2 quokkas
  6 bats
  3 frilled lizards
  6 goblins
  4 rats
52 creatures vanquished.

Notes
Turn   | Place    | Note
-------+----------+-------------------------------------------
     0 | D:1      | Jane the Ghoul Gladiator began the quest for the Orb.
     0 | D:1      | Reached XP level 1. HP: 17/17 MP: 0/0
   198 | D:1      | Found Getila Oralu's General Store.
   227 | D:1      | Reached XP level 2. HP: 12/24 MP: 1/1
   324 | D:1      | Reached skill level 3 in Axes
  1595 | D:2      | Reached XP level 3. HP: 30/30 MP: 2/2
  1718 | D:2      | Found Zuettum's Vocational Training.
  2221 | D:3      | Found a faded altar of an unknown god.
  2225 | D:3      | Prayed at the altar of an unknown god.
  2225 | D:3      | Became a worshipper of Gozag Ym Sagoz the Greedy
  2358 | D:3      | Reached XP level 4. HP: 30/37 MP: 3/3
  2740 | D:4      | Found a bloodstained altar of Trog.
  2777 | D:4      | Reached skill level 4 in Axes
  2777 | D:4      | Reached skill level 1 in Armour
  2909 | D:4      | HP: 1/37 [gnoll/+0 flail[a gnoll bouda] (1)]
  2910 | D:5      | Entered Level 5 of the Dungeon
  2913 | D:5      | Slain by a gnoll

Illustrated notes

Levels and vault maps discovered:
D:1:      heliophobic_arrival_glass_houses, layout_loops_corners, serial_shops,
          nicolae_shop_behind_doors
D:2:      layout_basic, nicolae_shop_vocational
D:3:      layout_rooms, nicolae_ecumenical_pavilion
D:4:      layout_basic, kennysheep_mini_moat, minmay_distorted, uniq_grinder
D:5:      layout_basic, mainiacjoe_overflow_six_doors_small,
          mainiacjoe_overflow_24_doors, amethyst_overflow_temple_binary,
          kennysheep_generic_room_12

Skill      XL: |  1  2  3  4 |
---------------+-------------+-----
Axes           | 3 4 |  4.1
Dodging        | 3 |  3.0
Armour         | 1 |  1.1
Fighting       | |  2.8
Throwing       | |  1.7
Stealth        | |  0.2

Action                     |  1- 3 |  4- 6 || total
---------------------------+-------+-------++-------
  Melee: War axe           |    60 |       ||    60
         Battleaxe         |    65 |    29 ||    94
    Use: Scroll            |       |     1 ||     1
 Armour: Ring mail         |    85 |     9 ||    94
  Dodge: Dodged            |   105 |    22 ||   127

Table legend: (Time is in decaauts)
 A = Elapsed time spent in this place.
 B = Non-inter-level travel time spent in this place.
 C = Inter-level travel time spent in this place.
 D = Time resting spent in this place.
 E = Time spent auto-exploring this place.
 F = Levels seen in this place.
 G = Mean time per level.
                   A        B        C        D        E       F      G
               +--------+--------+--------+--------+--------+-----+--------+
         Total |   2981 |   2384 |    597 |    125 |   1125 |   5 |  596.2 |
       Dungeon |   2981 |   2384 |    597 |    125 |   1125 |   5 |  596.2 |
               +--------+--------+--------+--------+--------+-----+--------+

Top non-repeatable levels by time:
     D:1: 1453 daAuts
     D:2: 803 daAuts
     D:3: 505 daAuts
     D:4: 217 daAuts
     D:5: 2 daAuts
